 Dungeon Crawl Stone Soup version 0.30-a0-739-gea05faddec (webtiles) character file.

Game seed: 325363995419293671

583 Leeroy the Covert (level 7, 0/34 HPs)
             Began as a Vine Stalker Warper on Feb 4, 2023.
             Was a Believer of Uskayaw.
             Slain by a hound (3 damage)
             ... on level 5 of the Dungeon.
             The game lasted 00:07:58 (4926 turns).

Leeroy the Covert (Vine Stalker Warper)             Turns: 4926, Time: 00:07:59

Health: 0/34       AC:  3    Str: 14    XL:     7   Next: 37%
Magic:  0/11       EV: 11    Int: 13    God:    Uskayaw [**....]
Gold:   232        SH:  0    Dex: 15    Spells: 5/10 levels left

rFire   + . .      SeeInvis .    j - +0 short sword (drain)
rCold   . . .      Faith    .    (no shield)
rNeg    . . .      Spirit   +    b - +0 leather armour
rPois   .          Reflect  .    (no helmet)
rElec   .          Harm     .    (no cloak)
rCorr   .          Rampage  .    (no gloves)
Will    +....                    (no boots)
Stlth   ++++                     (no amulet)
HPRegen 1.05/turn                h - ring of protection from fire
MPRegen 0.12/turn                g - ring of willpower

@: very slightly contaminated
A: fangs 2, regeneration 1, magic shield, antimagic bite, no potion heal 2
a: Renounce Religion, Stomp, Line Pass


You were on level 5 of the Dungeon.
You worshipped Uskayaw.
Uskayaw was noncommittal.
You visited 2 branches of the dungeon, and saw 7 of its levels.

You collected 232 gold pieces.

Inventory:

Hand Weapons
 a - a +0 falchion
 c - a +2 great sword
 j - a +0 short sword of draining (weapon)
 o - the +1 mace of Paddij {antimagic, rN++}
   (You found it on level 2 of the Dungeon)

   rN:        It greatly protects you from negative energy.
 A - a +0 long sword
 G - a +1 short sword of distortion
Missiles
 d - 7 boomerangs of dispersal
 p - 11 poisoned darts
 v - 6 javelins (quivered)
 E - 2 throwing nets
 F - 3 boomerangs
Armour
 b - a +0 leather armour (worn)
Magical Staves
 s - a staff of conjuration
 B - a staff of fire
Jewellery
 g - a ring of willpower (right hand)
 h - a ring of protection from fire (left hand)
 w - an amulet of magic regeneration
 H - a +6 ring of dexterity
Wands
 y - a wand of flame (5)
Scrolls
 e - a scroll of vulnerability {unknown}
 f - 2 scrolls of immolation {unknown}
 i - a scroll of noise {unknown}
 k - a scroll of amnesia {unknown}
 l - 2 scrolls of teleportation {unknown}
 n - 9 scrolls of identify {unknown}
 r - 2 scrolls of magic mapping {unknown}
 t - a scroll of brand weapon {unknown}
 z - a scroll of poison {unknown}
 C - a scroll of fear {unknown}
Potions
 m - 2 potions of brilliance {unknown}
 q - a potion of mutation {unknown}
 u - a potion of haste {unknown}
 x - a potion of heal wounds {unknown}
 D - a potion of curing {unknown}


   Skills:
 - Level 1.7 Fighting
 - Level 4.4 Long Blades
 - Level 0.8 Throwing
 - Level 0.7 Armour
 + Level 1.5 Dodging
 - Level 8.0 Stealth
 - Level 2.1 Spellcasting
 - Level 3.0 Translocations


You had 5 spell levels left.
You knew the following spells:

 Your Spells              Type           Power      Damage    Failure   Level
a - Blink                 Tloc           18%        N/A       14%         2
b - Vhi's Electric Charg  Tloc/Air       10%        N/A       45%         3

Your spell library contained the following spells:

 Spells                   Type           Power      Damage    Failure   Level
 Lesser Beckoning         Tloc           18%        N/A       14%         2
 Teleport Other           Tloc           9%         N/A       28%         3
 Manifold Assault         Tloc           9%         N/A       67%         4
 Summon Forest            Summ/Tloc      2%         N/A       99%         5
 Summon Mana Viper        Hex/Summ       1%         N/A       100%        5
 Summon Cactus Giant      Summ           0%         N/A       100%        6


Dungeon Overview and Level Annotations

Branches:
Dungeon (6/15)             Temple (1/1) D:5

Altars:
Cheibriados
Dithmenos
Elyvilon
Hepliaklqana
Kikubaaqudgha
Nemelex Xobeh
Okawaru
Qazlal
Sif Muna
Trog
Uskayaw
Vehumet
Wu Jian
Yredelemnul
Zin
The Shining One

Shops:
D:2 [

Annotations:
D:6 Blork the orc, Menkaure


Innate Abilities, Weirdness & Mutations

You have extremely sharp teeth.
Your natural rate of healing is unusually fast.
When hurt, damage is shared between your health and your magic reserves.
Your bite disrupts and absorbs the magic of your enemies.
Potions cannot restore your health.


Message History

There is a stone staircase leading down here.
You hit the hound but do no damage. You drain the hound. You bite the hound.
You drain its power.
You feel invigorated.
The hound is moderately wounded.
The hound barely misses you. The gnoll hits you with a +0 spear.
The hound closely misses you.
You closely miss the hound. You bite the hound. You drain its power.
You feel invigorated.
The hound is moderately wounded.
The hound bites you. The gnoll hits you with a +0 spear.
You closely miss the hound.
The hound is moderately wounded.
The hound bites you.
You barely miss the hound.
The hound is moderately wounded.
The hound closely misses you. The gnoll hits you with a +0 spear!
You are too injured to fight recklessly!
You are too injured to fight recklessly!
You are too injured to fight recklessly!
You are too injured to fight recklessly!
You are too injured to fight recklessly!
You are too injured to fight recklessly!
You are too injured to fight recklessly!
Cast which spell? (? or * to list)
You miscast Blink.
You are very lightly contaminated with residual magic.
Nothing appears to happen.
The hound bites you but does no damage. The gnoll hits you with a +0 spear.
The hound barely misses you.
You hit the hound. Your bite misses the hound.
The hound is heavily wounded.
The hound bites you. The gnoll hits you with a +0 spear.
You can now pass through a line of other dancers.
You barely miss the hound. You bite the hound, but do no damage.
The hound is heavily wounded.
The hound bites you.
* * * LOW HITPOINT WARNING * * *
The gnoll hits you with a +0 spear!
* * * LOW HITPOINT WARNING * * *
The hound bites you.
You die...

#######################
......................#
#####################.###
#............#
#.########.#.# #.# #.#.#
############.##### #.#.#
..............gh@# #.#.#
........####.###g# #.#.#
........# #.# #g# #.#.#
........# #.# #.# #.#.#
........# #.###.####.#.#
........# #..........#.#
........# #.###.######.##
........# ### #.#.......#
..####### #.#.#######


You could see a hound (very drained) and 3 gnolls.

Vanquished Creatures
  A wight (D:5)
  2 howler monkeys (D:5)
  A jelly (D:5)
  4 hounds
  A gnoll bouda (D:5)
  2 iguanas (D:5)
  8 gnolls (D:5)
  7 adders
  A white imp (D:5)
  2 dart slugs
  6 orcs
  6 ball pythons
  4 bats
  9 endoplasms
  2 giant cockroaches (D:1)
  4 goblins
  6 hobgoblins
  10 jackals
  2 quokkas (D:1)
  A frilled lizard (D:3)
  7 kobolds
  A rat (D:3)
87 creatures vanquished.

Notes
Turn   | Place    | Note
-------+----------+-------------------------------------------
     0 | D:1      | Leeroy the Vine Stalker Warper began the quest for the Orb.
     0 | D:1      | Reached XP level 1. HP: 11/11 MP: 4/4
    62 | D:1      | Reached skill level 1 in Stealth
   299 | D:1      | Reached XP level 2. HP: 13/15 MP: 6/6
   472 | D:1      | Reached skill level 2 in Stealth
   864 | D:2      | Reached XP level 3. HP: 18/18 MP: 7/7
   895 | D:2      | Found Paitt's Antique Armour Emporium.
   931 | D:2      | Identified the +1 mace of Paddij {antimagic, rN++}
  1218 | D:2      | Reached skill level 3 in Stealth
  1554 | D:3      | Gained mutation: Your natural rate of healing is unusually
                  | fast. [Vine Stalker growth]
  1554 | D:3      | Reached XP level 4. HP: 23/23 MP: 8/8
  1578 | D:3      | Found a radiant altar of Vehumet.
  1818 | D:3      | Reached skill level 4 in Stealth
  1972 | D:4      | Found an iron altar of Okawaru.
  1993 | D:4      | Reached XP level 5. HP: 19/26 MP: 6/9
  2191 | D:4      | Reached skill level 5 in Stealth
  2226 | D:4      | Found an iron altar of Okawaru.
  2436 | D:4      | Found a basalt altar of Yredelemnul.
  3070 | D:5      | Entered Level 5 of the Dungeon
  3091 | D:5      | Reached skill level 6 in Stealth
  3091 | D:5      | Reached XP level 6. HP: 30/30 MP: 8/10
  3302 | D:5      | Found a staircase to the Ecumenical Temple.
  3453 | D:5      | Learned a level 2 spell: Blink
  3457 | D:5      | Learned a level 3 spell: Vhi's Electric Charge
  3459 | Temple   | Entered the Ecumenical Temple
  3825 | D:5      | Reached skill level 7 in Stealth
  4035 | D:5      | Reached XP level 7. HP: 34/34 MP: 11/11
  4111 | D:5      | Found a hide-covered altar of Uskayaw.
  4111 | D:5      | Found a snail-covered altar of Cheibriados.
  4121 | D:5      | Became a worshipper of Uskayaw the Reveller
  4130 | D:5      | Reached * piety under Uskayaw
  4453 | D:5      | Reached ** piety under Uskayaw
  4467 | D:5      | Reached *** piety under Uskayaw
  4744 | D:6      | Noticed Menkaure
  4746 | D:6      | Noticed Blork the orc
  4780 | D:5      | Reached skill level 8 in Stealth
  4926 | D:5      | Slain by a hound

Illustrated notes

Levels and vault maps discovered:
D:1:      dpeg_arrival_central, layout_basic,
          nicolae_concentric_dashed_squares_wild, minmay_splitting_lines
D:2:      layout_loops_ring, serial_shops, shop_coins
D:3:      layout_basic, general_overflow_altar
D:4:      layout_basic, mainiacjoe_overflow_paths, kennysheep_okawaru_gauntlet,
          serial_curves, eino_curves_01, eino_curves_01, kennysheep_small_circle
D:5:      layout_basic, gammafunk_temple_overflow_pools,
          minmay_temple_entry_statues
D:6:      lemuel_slime, layout_rooms, minmay_crystal_room,
          minmay_fractal_squares_gapless_5, uniq_menkaure, uniq_blork_the_orc
Temple:   nicolae_temple_bog_church

Skill      XL: |  1  2  3  4  5  6  7 |
---------------+----------------------+-----
Stealth        | 1 2 3 4 6 7 8 |  8.0
Long Blades    | 2 3 4 |  4.4
Fighting       | |  1.7
Throwing       | |  0.8
Armour         | |  0.7
Dodging        | |  1.5
Spellcasting   | |  2.1
Translocations | |  3.0

Action                     |  1- 3 |  4- 6 |  7- 9 || total
---------------------------+-------+-------+-------++-------
  Melee: Falchion          |    26 |       |       ||    26
         Bite              |    19 |    34 |    22 ||    75
         Short sword       |    46 |   168 |    43 ||   257
         Punch             |     1 |     2 |       ||     3
  Throw: Stone             |       |     8 |       ||     8
         Javelin           |       |       |     3 ||     3
    Use: Scroll            |       |       |     1 ||     1
   Stab: Sleeping          |     7 |     7 |       ||    14
         Paralysed         |       |       |     1 ||     1
 Armour: Leather armour    |    12 |    46 |     7 ||    65
  Dodge: Dodged            |    37 |    79 |    28 ||   144

Table legend: (Time is in decaauts)
 A = Elapsed time spent in this place.
 B = Non-inter-level travel time spent in this place.
 C = Inter-level travel time spent in this place.
 D = Time resting spent in this place.
 E = Time spent auto-exploring this place.
 F = Levels seen in this place.
 G = Mean time per level.
                   A        B        C        D        E       F      G
               +--------+--------+--------+--------+--------+-----+--------+
         Total |   4913 |   4745 |    168 |    113 |   3854 |   7 |  701.9 |
       Dungeon |   4736 |   4577 |    159 |    113 |   3695 |   6 |  789.3 |
        Temple |    177 |    168 |      9 |      0 |    158 |   1 |  177.0 |
               +--------+--------+--------+--------+--------+-----+--------+

Top non-repeatable levels by time:
     D:5: 1594 daAuts
     D:4: 1102 daAuts
     D:1: 824 daAuts
     D:2: 622 daAuts
     D:3: 514 daAuts
  Temple: 177 daAuts
     D:6: 78 daAuts
